[Event "European Online Club-ch-C 2021"]
[Site "Online"]
[Date "2021.03.27"]
[Round "8.4"]
[White "Kirsch, Laurent"]
[Black "Deveci, Huseyin Said"]
[Result "1-0"]
[ECO "A57"]
[WhiteElo "2120"]
[BlackElo "1521"]
[Annotator "NA"]
[PlyCount "71"]
[EventDate "2021.03.27"]
[EventType "team-tourn"]
[EventCountry "NET"]
[SourceTitle "playchess.com"]
[Source "ChessBase"]
[SourceQuality "1"]
[TimeControl "900+5"]

1. d4 Nf6 2. c4 c5 3. d5 b5 4. cxb5 a6 5. e3 d6 6. Nc3 g6 7. Nf3 Bg7 8. a4 O-O 9. e4 Bb7 10. Bd2 e6 11. dxe6 fxe6 12. Bd3 d5 13. exd5 exd5 14. O-O d4 15. bxa6 Bxf3 16. Qxf3 dxc3 17. Bc4+ Kh8 18. Qxa8 cxd2 19. Rad1 Qd6 20. a7 Ng4 21. g3 Nc6 22. Qb7 Nxf2 23. a8=Q Nxd1 24. Rxf8+ Bxf8 25. Qxc6 Qd4+ 26. Kh1 Nf2+ 27. Kg2 Kg7 28. Be2 d1=Q 29. Bxd1 Nxd1 30. Qab7+ Kh6 31. Qf3 Ne3+ 32. Kh3 Bd6 33. Qbe4 Qxb2 34. Qfxe3+ Kg7 35. Qe6 Bf8 36. Q3e5+ 1-0

[Event "European Online Club-ch-C 2021"]
[Site "Online"]
[Date "2021.03.27"]
[Round "8.5"]
[White "Fedoseev, Vladimir"]
[Black "Braun, Christian"]
[Result "1-0"]
[ECO "C03"]
[WhiteElo "2687"]
[BlackElo "2409"]
[Annotator "ChessBase"]
[PlyCount "85"]
[EventDate "2021.03.27"]
[EventType "team-tourn"]
[EventCountry "NET"]
[SourceTitle "playchess.com"]
[Source "ChessBase"]
[SourceQuality "1"]
[TimeControl "900+5"]

1. e4 e6 2. d4 d5 3. Nd2 Be7 4. Bd3 c5 5. dxc5 Nf6 6. Qe2 a5 7. Ngf3 O-O 8. h4 h6 9. a3 a4 10. e5 Nfd7 11. b4 axb3 12. Nxb3 Na6 13. Rh3 Naxc5 14. Kf1 Nxd3 15. cxd3 Ra4 16. Nbd4 Nxe5 17. Qxe5 Bf6 18. Qe3 e5 19. Rg3 exd4 20. Qxh6 Bf5 21. Ne1 Ra6 22. Qh5 Bxh4 23. Rxg7+ Kxg7 24. Qxf5 Rf6 25. Qg4+ Rg6 26. Qd1 Bxf2 27. Kxf2 Qh4+ 28. Kg1 Rh8 29. Bd2 Rh5 30. Bf4 Rf5 31. Qd2 Rxf4 32. Rd1 Qg3 33. Qe2 Qe3+ 34. Qxe3 dxe3 35. Nc2 e2 36. Re1 Rf1+ 37. Rxf1 exf1=Q+ 38. Kxf1 Rc6 39. Nb4 Rc3 40. Ke2 d4 41. Kf3 Rxa3 42. Ke4 Ra2 43. Nxa2 1-0

[Event "European Online Club-ch-C 2021"]
[Site "Online"]
[Date "2021.03.27"]
[Round "8.6"]
[White "Lenaerts, Lennert"]
[Black "Esipenko, Andrey"]
[Result "1/2-1/2"]
[ECO "E20"]
[WhiteElo "2357"]
[BlackElo "2677"]
[Annotator "ChessBase"]
[PlyCount "63"]
[EventDate "2021.03.27"]
[EventType "team-tourn"]
[EventCountry "NET"]
[SourceTitle "playchess.com"]
[Source "ChessBase"]
[SourceQuality "1"]
[TimeControl "900+5"]

1. d4 Nf6 2. c4 e6 3. Nc3 Bb4 4. g3 O-O 5. Bg2 d5 6. Nf3 dxc4 7. O-O Nc6 8. Qa4 Nd5 9. Qc2 Be7 10. Rd1 Rb8 11. e4 Ncb4 12. Qd2 Nxc3 13. Qxc3 b5 14. a4 a6 15. axb5 axb5 16. b3 Bb7 17. Ba3 Nd3 18. Bxe7 Qxe7 19. bxc4 bxc4 20. Nd2 Qf6 21. Nxc4 Qxf2+ 22. Kh1 Nb4 23. Rd2 Qf6 24. Qxb4 Bxe4 25. Qc5 Ra8 26. Re1 Bxg2+ 27. Kxg2 Qd8 28. Ne5 Ra6 29. Rc1 Rd6 30. Qxc7 Rxd4 31. Qxd8 Rdxd8 32. Rcd1 1/2-1/2

[Event "European Online Club-ch-C 2021"]
[Site "Online"]
[Date "2021.03.27"]
[Round "8.7"]
[White "Shimanov, Aleksandr"]
[Black "Van Meegen, Ruud"]
[Result "1-0"]
[ECO "B10"]
[WhiteElo "2597"]
[BlackElo "2295"]
[Annotator "ChessBase"]
[PlyCount "99"]
[EventDate "2021.03.27"]
[EventType "team-tourn"]
[EventCountry "NET"]
[SourceTitle "playchess.com"]
[Source "ChessBase"]
[SourceQuality "1"]
[TimeControl "900+5"]

1. e4 c6 2. Nf3 d5 3. d3 dxe4 4. dxe4 Qxd1+ 5. Kxd1 Nd7 6. Nfd2 e5 7. a4 Ngf6 8. f3 Be7 9. Nc4 O-O 10. Be3 Rd8 11. Nbd2 Ne8 12. c3 f6 13. Kc2 Nc5 14. b4 Ne6 15. a5 N8c7 16. Nb3 Bd7 17. Nb2 Be8 18. Bc4 Bf7 19. Rhd1 Kf8 20. Rxd8+ Nxd8 21. Rd1 Ke8 22. Bf1 Nde6 23. Na4 h5 24. g3 Nb5 25. Kb2 Nbc7 26. f4 Nb5 27. f5 Nec7 28. c4 Nd6 29. Nd2 Na6 30. Kc3 Nxb4 31. Kxb4 Nxc4+ 32. Bc5 Bxc5+ 33. Nxc5 Ne3 34. Rc1 Rd8 35. Nf3 b6 36. axb6 axb6 37. Na4 b5 38. Nc5 Nxf1 39. Rxf1 Bc4 40. Rf2 Ke7 41. Rd2 Rxd2 42. Nxd2 Bf7 43. Nb7 Kd7 44. Kc5 Kc7 45. Na5 Be8 46. Nf1 g6 47. Ne3 g5 48. h4 g4 49. Nc2 Bd7 50. Nb4 1-0

[Event "European Online Club-ch-C 2021"]
[Site "Online"]
[Date "2021.03.27"]
[Round "8.8"]
[White "De Mon, Gino"]
[Black "Ponkratov, Pavel"]
[Result "0-1"]
[ECO "E17"]
[WhiteElo "2060"]
[BlackElo "2619"]
[Annotator "ChessBase"]
[PlyCount "90"]
[EventDate "2021.03.27"]
[EventType "team-tourn"]
[EventCountry "NET"]
[SourceTitle "playchess.com"]
[Source "ChessBase"]
[SourceQuality "1"]
[TimeControl "900+5"]

1. d4 Nf6 2. c4 e6 3. Nf3 b6 4. g3 Bb7 5. Bg2 Be7 6. Nc3 Ne4 7. O-O Nxc3 8. bxc3 O-O 9. a4 Be4 10. a5 Nc6 11. axb6 cxb6 12. Nd2 Bxg2 13. Kxg2 Qc7 14. e4 Rfc8 15. Qe2 Na5 16. c5 bxc5 17. Ba3 Bf8 18. d5 exd5 19. exd5 Re8 20. Qg4 Qe5 21. c4 Qe2 22. Qxe2 Rxe2 23. Bc1 Nb7 24. Nb3 Rc2 25. Ra4 Rc3 26. Nd2 Nd6 27. Bb2 Rc2 28. Bc1 a5 29. Kf3 h5 30. h4 Rc3+ 31. Ke2 g6 32. Bb2 Rc2 33. Be5 Re8 34. f4 Bh6 35. Kd3 Rxd2+ 36. Kxd2 Rxe5 37. Kd3 Re4 38. Rd1 Bg7 39. Rc1 Rd4+ 40. Ke2 Re4+ 41. Kd3 Bd4 42. Rxa5 Re3+ 43. Kd2 Rxg3 44. Ra8+ Kg7 45. Rd8 Be3+ 0-1

[Event "European Online Club-ch-C 2021"]
[Site "Online"]
[Date "2021.03.27"]
[Round "8.9"]
[White "Bluebaum, Matthias"]
[Black "Migot, Tangi"]
[Result "1-0"]
[ECO "D04"]
[WhiteElo "2670"]
[BlackElo "2353"]
[Annotator "ChessBase"]
[PlyCount "121"]
[EventDate "2021.03.27"]
[EventType "team-tourn"]
[EventCountry "NET"]
[SourceTitle "playchess.com"]
[Source "ChessBase"]
[SourceQuality "1"]
[TimeControl "900+5"]

1. d4 d5 2. Nf3 Nf6 3. e3 c6 4. h3 e6 5. Bd3 Bd6 6. Nbd2 Nbd7 7. e4 dxe4 8. Nxe4 Nxe4 9. Bxe4 Nf6 10. Bd3 O-O 11. c3 c5 12. dxc5 Bxc5 13. Bg5 Be7 14. Qc2 h6 15. h4 Qa5 16. g4 Rd8 17. Bxf6 Bxf6 18. g5 hxg5 19. hxg5 Bxg5 20. b4 Qc7 21. Nxg5 Qe5+ 22. Ne4 f5 23. O-O-O fxe4 24. Bxe4 Bd7 25. f4 Qxf4+ 26. Kb2 Bb5 27. Bh7+ Kf8 28. Bd3 Bxd3 29. Rxd3 Rxd3 30. Qxd3 Ke7 31. Rf1 Qe5 32. Rd1 Kf8 33. Qd7 Kg8 34. Rd2 a5 35. b5 a4 36. a3 Rf8 37. b6 Rf3 38. Rc2 Rf5 39. Qxa4 Qb5+ 40. Qb4 Qxb4+ 41. axb4 Rb5 42. Rd2 Rxb6 43. Rd7 g5 44. Kb3 Kf8 45. c4 g4 46. c5 Ra6 47. Rxb7 g3 48. Rd7 g2 49. Rd1 e5 50. b5 Rg6 51. c6 g1=Q 52. Rxg1 Rxg1 53. c7 Rc1 54. b6 Ke7 55. b7 Kd7 56. b8=Q Rxc7 57. Qf8 Rc6 58. Kb4 Re6 59. Kc4 e4 60. Kd5 e3 61. Qf5 1-0

[Event "European Online Club-ch-C 2021"]
[Site "Online"]
[Date "2021.03.27"]
[Round "8.10"]
[White "Le Goff, Ronan"]
[Black "Donchenko, Alexander"]
[Result "0-1"]
[ECO "D78"]
[WhiteElo "2288"]
[BlackElo "2678"]
[Annotator "ChessBase"]
[PlyCount "114"]
[EventDate "2021.03.27"]
[EventType "team-tourn"]
[EventCountry "NET"]
[SourceTitle "playchess.com"]
[Source "ChessBase"]
[SourceQuality "1"]
[TimeControl "900+5"]

1. d4 d5 2. Nf3 Nf6 3. g3 g6 4. Bg2 Bg7 5. O-O O-O 6. c4 c6 7. b3 Bf5 8. Bb2 Ne4 9. Nc3 Nxc3 10. Bxc3 Be4 11. Qd2 Nd7 12. Rfe1 e6 13. a4 a5 14. Qb2 Qb6 15. Ne5 Nxe5 16. Bxe4 Nxc4 17. bxc4 Qxb2 18. Bxb2 dxe4 19. Rab1 Rfd8 20. e3 Rd7 21. c5 f5 22. Bc3 Kf7 23. Rb3 e5 24. dxe5 Ke6 25. Reb1 Ra7 26. Kf1 Bxe5 27. Bxe5 Kxe5 28. Ke2 g5 29. R1b2 g4 30. Rb1 h5 31. R3b2 Rd5 32. Rc2 Rd3 33. Rcb2 Rc3 34. Rd1 Rxc5 35. Rd7 Rd5 36. Rh7 Kd6 37. Rc2 Ke6 38. Rb2 Rd7 39. Rxh5 Ra8 40. Rh6+ Ke5 41. h3 gxh3 42. Rxh3 Kf6 43. Rh5 Kg6 44. g4 Rf8 45. Rb1 fxg4 46. Re5 Rdf7 47. Rxe4 Rxf2+ 48. Kd3 Rd8+ 49. Kc3 Kf5 50. Re7 g3 51. Rbxb7 Rg8 52. Rb1 Kg4 53. Kd3 g2 54. Rbb7 Rg5 55. Rg7 Rff5 56. Rxg5+ Rxg5 57. Rb1 Kf3 0-1

[Event "European Online Club-ch-C 2021"]
[Site "Online"]
[Date "2021.03.27"]
[Round "8.11"]
[White "Keymer, Vincent"]
[Black "Bouget, Alexandre"]
[Result "1-0"]
[ECO "A06"]
[WhiteElo "2591"]
[BlackElo "2247"]
[Annotator "ChessBase"]
[PlyCount "91"]
[EventDate "2021.03.27"]
[EventType "team-tourn"]
[EventCountry "NET"]
[SourceTitle "playchess.com"]
[Source "ChessBase"]
[SourceQuality "1"]
[TimeControl "900+5"]

1. Nf3 d5 2. e3 Nf6 3. c4 g6 4. cxd5 Nxd5 5. e4 Nb6 6. a4 a5 7. d4 Bg7 8. Bb5+ Bd7 9. O-O O-O 10. h3 Nc6 11. Nc3 Nb4 12. Bg5 c6 13. Be2 Be6 14. Qc1 Bb3 15. Ra3 Bc4 16. Rd1 Rc8 17. Bh6 Qe8 18. Bxc4 Nxc4 19. Ra1 f6 20. Bxg7 Kxg7 21. Ne2 Qf7 22. Nf4 e5 23. dxe5 Nxe5 24. Nd4 Rfe8 25. Qc5 Ra8 26. b3 Kh8 27. Rd2 Nd7 28. Qd6 Rxe4 29. f3 Qe7 30. Nde6 Rxe6 31. Nxe6 Qxd6 32. Rxd6 Ne5 33. Rad1 Nd5 34. Nc5 Kg8 35. Nxb7 Kf7 36. Rd8 Ra7 37. Nc5 g5 38. Rb8 Re7 39. Rb7 h5 40. Rxe7+ Kxe7 41. Nb7 Nc3 42. Rd2 g4 43. hxg4 hxg4 44. fxg4 Nxg4 45. Nxa5 f5 46. Nxc6+ 1-0

[Event "European Online Club-ch-C 2021"]
[Site "Online"]
[Date "2021.03.27"]
[Round "8.12"]
[White "Lahoche, Dorian"]
[Black "Kollars, Dmitrij"]
[Result "0-1"]
[ECO "B23"]
[WhiteElo "2124"]
[BlackElo "2598"]
[Annotator "ChessBase"]
[PlyCount "66"]
[EventDate "2021.03.27"]
[EventType "team-tourn"]
[EventCountry "NET"]
[SourceTitle "playchess.com"]
[Source "ChessBase"]
[SourceQuality "1"]
[TimeControl "900+5"]

1. e4 c5 2. Nc3 Nc6 3. Bb5 Nd4 4. Nf3 a6 5. Bd3 d6 6. Nxd4 cxd4 7. Ne2 e5 8. c3 dxc3 9. dxc3 Nf6 10. O-O Be7 11. c4 O-O 12. Nc3 Be6 13. Bd2 Nd7 14. Rc1 Bg5 15. Nd5 Bxd5 16. cxd5 a5 17. b3 Nc5 18. Bxg5 Qxg5 19. a3 a4 20. bxa4 Nxa4 21. Qe2 Nc5 22. Rc3 Ra4 23. Bc2 Rd4 24. Rd1 Ra8 25. Rg3 Qf6 26. Rf3 Qe7 27. Rh3 h6 28. Rxd4 exd4 29. f4 Qf6 30. Rf3 d3 31. Bxd3 Qa1+ 32. Rf1 Qd4+ 33. Kh1 Qxd3 0-1

[Event "European Online Club-ch-C 2021"]
[Site "Online"]
[Date "2021.03.27"]
[Round "8.13"]
[White "Nguyen, Thai Dai Van"]
[Black "Markoja, Boris"]
[Result "1/2-1/2"]
[ECO "E32"]
[WhiteElo "2577"]
[BlackElo "2439"]
[Annotator "ChessBase"]
[PlyCount "72"]
[EventDate "2021.03.27"]
[EventType "team-tourn"]
[EventCountry "NET"]
[SourceTitle "playchess.com"]
[Source "ChessBase"]
[SourceQuality "1"]
[TimeControl "900+5"]

1. d4 Nf6 2. c4 e6 3. Nc3 Bb4 4. Qc2 b6 5. e4 c5 6. d5 Qe7 7. Nge2 exd5 8. exd5 d6 9. Bf4 Bxc3+ 10. Qxc3 O-O 11. O-O-O b5 12. cxb5 Nbd7 13. Ng3 Nb6 14. Bg5 Qe5 15. Qxe5 dxe5 16. Bxf6 gxf6 17. Bd3 a6 18. bxa6 c4 19. Bf5 Rxa6 20. Kb1 Bxf5+ 21. Nxf5 Rfa8 22. a3 c3 23. d6 cxb2 24. d7 Rd8 25. Rd6 Rxa3 26. Rhd1 Nc4 27. R6d3 Ra1+ 28. Kc2 Rxd1 29. Rxd1 Kf8 30. f3 Nb6 31. Rd6 Nxd7 32. Kb1 Ke8 33. Ng7+ Ke7 34. Nf5+ Ke8 35. Ng7+ Ke7 36. Nf5+ Ke8 1/2-1/2

[Event "European Online Club-ch-C 2021"]
[Site "Online"]
[Date "2021.03.27"]
[Round "8.14"]
[White "Subelj, Jan"]
[Black "Plat, Vojtech"]
[Result "0-1"]
[ECO "C41"]
[WhiteElo "2418"]
[BlackElo "2552"]
[Annotator "ChessBase"]
[PlyCount "100"]
[EventDate "2021.03.27"]
[EventType "team-tourn"]
[EventCountry "NET"]
[SourceTitle "playchess.com"]
[Source "ChessBase"]
[SourceQuality "1"]
[TimeControl "900+5"]

1. e4 d6 2. d4 Nf6 3. Nc3 e5 4. Nf3 exd4 5. Nxd4 Be7 6. Bf4 c6 7. Qd2 b5 8. f3 O-O 9. O-O-O b4 10. Na4 Bd7 11. b3 d5 12. Nf5 Bxf5 13. exf5 Re8 14. g4 Bd6 15. Kb1 a5 16. h4 Bxf4 17. Qxf4 Nbd7 18. h5 h6 19. g5 hxg5 20. Qxg5 Nh7 21. Qg1 Qg5 22. Bd3 Qxg1 23. Rdxg1 Kf8 24. h6 gxh6 25. Rxh6 Ndf6 26. Kb2 Re3 27. Rg3 Ke7 28. a3 Rb8 29. Nc5 Kd6 30. Na4 Ke7 31. Nc5 bxa3+ 32. Kxa3 Rb4 33. Na6 Rb6 34. Nc5 Rb4 35. Na6 Rf4 36. Rg7 a4 37. Nb4 axb3 38. Nxc6+ Kf8 39. Rgxh7 bxc2 40. Rh8+ Kg7 41. Kb2 Rxd3 42. Kxc2 Rdxf3 43. Ne5 Re3 44. Nd3 Rff3 45. Nc1 Rf2+ 46. Kd1 Rg3 47. Rh1 Ne4 48. R8h7+ Kf6 49. R7h6+ Ke5 50. Nd3+ Rxd3+ 0-1

[Event "European Online Club-ch-C 2021"]
[Site "Online"]
[Date "2021.03.27"]
[Round "8.15"]
[White "Stocek, Jiri"]
[Black "Skuhala, Jernej"]
[Result "1-0"]
[ECO "A19"]
[WhiteElo "2604"]
[BlackElo "2351"]
[Annotator "ChessBase"]
[PlyCount "49"]
[EventDate "2021.03.27"]
[EventType "team-tourn"]
[EventCountry "NET"]
[SourceTitle "playchess.com"]
[Source "ChessBase"]
[SourceQuality "1"]
[TimeControl "900+5"]

1. c4 Nf6 2. Nc3 e6 3. e4 c5 4. e5 Ng8 5. Nf3 Nc6 6. d4 cxd4 7. Nxd4 Nxe5 8. Ndb5 a6 9. Nd6+ Bxd6 10. Qxd6 f6 11. Be3 Nf7 12. Qg3 Ne7 13. Qxg7 Nf5 14. Qg4 Nxe3 15. fxe3 Qb6 16. O-O-O Qxe3+ 17. Kb1 Qg5 18. Qd4 Qe5 19. Qf2 O-O 20. Bd3 f5 21. g4 Kh8 22. Qh4 Qf4 23. Qf6+ Kg8 24. gxf5 Ng5 25. Qh6 1-0

[Event "European Online Club-ch-C 2021"]
[Site "Online"]
[Date "2021.03.27"]
[Round "8.16"]
[White "Marn, Jan"]
[Black "Hracek, Zbynek"]
[Result "1/2-1/2"]
[ECO "A37"]
[WhiteElo "2346"]
[BlackElo "2565"]
[Annotator "ChessBase"]
[PlyCount "90"]
[EventDate "2021.03.27"]
[EventType "team-tourn"]
[EventCountry "NET"]
[SourceTitle "playchess.com"]
[Source "ChessBase"]
[SourceQuality "1"]
[TimeControl "900+5"]

1. Nf3 c5 2. g3 Nc6 3. Bg2 g6 4. O-O Bg7 5. c4 e5 6. Nc3 d6 7. a3 Nge7 8. b4 Be6 9. bxc5 dxc5 10. Rb1 b6 11. d3 h6 12. e4 O-O 13. Nd5 f5 14. Nxe7+ Qxe7 15. exf5 gxf5 16. Nh4 Qe8 17. Bb2 Rd8 18. Qe2 e4 19. dxe4 f4 20. e5 Nd4 21. Bxd4 Rxd4 22. Bd5 Bxd5 23. cxd5 fxg3 24. fxg3 Rxf1+ 25. Rxf1 Qxe5 26. Rf8+ Kh7 27. Qc2+ Qe4 28. Qxe4+ Rxe4 29. Rf7 Kg8 30. Rxa7 c4 31. Nf5 Bd4+ 32. Kf1 c3 33. Nxd4 Rxd4 34. Rc7 Rxd5 35. Rxc3 Rd2 36. Kg1 Ra2 37. Rc6 Kg7 38. Rc7+ Kg6 39. Rc6+ Kg7 40. Rxb6 Rxa3 41. Kg2 Ra2+ 42. Kh3 Rc2 43. g4 Ra2 44. Kg3 Rc2 45. Kh4 Rxh2+ 1/2-1/2

[Event "European Online Club-ch-C 2021"]
[Site "Online"]
[Date "2021.03.27"]
[Round "8.17"]
[White "Delgado Ramirez, Neuris"]
[Black "Babula, Vlastimil"]
[Result "1/2-1/2"]
[ECO "B56"]
[WhiteElo "2615"]
[BlackElo "2559"]
[Annotator "ChessBase"]
[PlyCount "76"]
[EventDate "2021.03.27"]
[EventType "team-tourn"]
[EventCountry "NET"]
[SourceTitle "playchess.com"]
[Source "ChessBase"]
[SourceQuality "1"]
[TimeControl "900+5"]

1. e4 c5 2. Nf3 d6 3. d4 cxd4 4. Nxd4 Nf6 5. Nc3 e6 6. Nb3 Nc6 7. g4 h6 8. Be3 d5 9. exd5 exd5 10. h3 Bb4 11. Qd3 Be6 12. O-O-O Rc8 13. f4 O-O 14. Bg2 Bxc3 15. bxc3 d4 16. Bxd4 Nxd4 17. Qxd4 Qc7 18. Qe5 Qxe5 19. fxe5 Nd7 20. Nd4 Bxa2 21. Kb2 Bc4 22. Nf5 Rc7 23. Rhe1 Nc5 24. Re3 Be6 25. Ka3 b5 26. Nd6 a6 27. Bd5 Rb8 28. Bxe6 Nxe6 29. Kb4 a5+ 30. Ka3 b4+ 31. cxb4 Rxb4 32. c4 Nc5 33. Rd5 Rc6 34. Ka2 a4 35. Ka3 Rb1 36. Ka2 Rb4 37. Ka3 Rb1 38. Ka2 Rb4 1/2-1/2

[Event "European Online Club-ch-C 2021"]
[Site "Online"]
[Date "2021.03.27"]
[Round "8.18"]
[White "Grigorian, Spartak"]
[Black "Martinez Alcantara, Jose Eduardo"]
[Result "1-0"]
[ECO "E21"]
[WhiteElo "2458"]
[BlackElo "2620"]
[Annotator "ChessBase"]
[PlyCount "75"]
[EventDate "2021.03.27"]
[EventType "team-tourn"]
[EventCountry "NET"]
[SourceTitle "playchess.com"]
[Source "ChessBase"]
[SourceQuality "1"]
[TimeControl "900+5"]

1. d4 Nf6 2. c4 e6 3. Nc3 Bb4 4. e3 O-O 5. Bd2 b6 6. Nf3 Bb7 7. Bd3 d6 8. a3 Bxc3 9. Bxc3 Ne4 10. Rc1 Nd7 11. b4 Qe7 12. Bb2 f5 13. Qc2 c5 14. O-O Ng5 15. Nxg5 Qxg5 16. f4 Qg6 17. d5 exd5 18. Rf3 Qe6 19. Rg3 g6 20. bxc5 dxc5 21. h4 Kf7 22. cxd5 Bxd5 23. e4 fxe4 24. f5 gxf5 25. Rg7+ Ke8 26. Bb5 Rf7 27. Rg8+ Ke7 28. Rxa8 Bxa8 29. Rd1 Bd5 30. Qd2 Bc6 31. Bc4 Qxc4 32. Qd6+ Ke8 33. Qxc6 Re7 34. Rd5 e3 35. Qc8+ Kf7 36. Rxf5+ Ke6 37. Rf6+ Kd5 38. Qc6# 1-0

[Event "European Online Club-ch-C 2021"]
[Site "Online"]
[Date "2021.03.27"]
[Round "8.19"]
[White "Gukesh D"]
[Black "Wachinger, Nikolas"]
[Result "1-0"]
[ECO "B84"]
[WhiteElo "2563"]
[BlackElo "2369"]
[Annotator "ChessBase"]
[PlyCount "71"]
[EventDate "2021.03.27"]
[EventType "team-tourn"]
[EventCountry "NET"]
[SourceTitle "playchess.com"]
[Source "ChessBase"]
[SourceQuality "1"]
[TimeControl "900+5"]

1. e4 c5 2. Nf3 d6 3. d4 cxd4 4. Nxd4 Nf6 5. Nc3 a6 6. Be3 e6 7. Be2 Qc7 8. a4 b6 9. g4 Bb7 10. f3 Be7 11. g5 Nfd7 12. Qd2 Ne5 13. Nb3 Nbd7 14. Qd4 O-O 15. f4 Nc6 16. Qd2 Rfc8 17. O-O Na5 18. Nxa5 bxa5 19. f5 Ne5 20. f6 Bf8 21. Bd4 gxf6 22. gxf6 Ng6 23. Qg5 d5 24. exd5 Bd6 25. Rf2 Bf4 26. Qh5 Qd6 27. Raf1 e5 28. Rxf4 Nxf4 29. Rxf4 exf4 30. Qg5+ Kf8 31. Bg4 Rxc3 32. bxc3 Ke8 33. Qg8+ Qf8 34. d6 Bc6 35. Qg5 Qxd6 36. Bc5 1-0

[Event "European Online Club-ch-C 2021"]
[Site "Online"]
[Date "2021.03.27"]
[Round "8.20"]
[White "Colbow, Collin"]
[Black "Alvarez Fernandez, Enrique"]
[Result "1/2-1/2"]
[ECO "B92"]
[WhiteElo "2339"]
[BlackElo "2349"]
[Annotator "NA"]
[PlyCount "112"]
[EventDate "2021.03.27"]
[EventType "team-tourn"]
[EventCountry "NET"]
[SourceTitle "playchess.com"]
[Source "ChessBase"]
[SourceQuality "1"]
[TimeControl "900+5"]

1. e4 c5 2. Nf3 d6 3. d4 cxd4 4. Nxd4 Nf6 5. Nc3 a6 6. Be2 e5 7. Nb3 Be7 8. Be3 Be6 9. O-O O-O 10. Qd3 Nbd7 11. Nd5 Bxd5 12. exd5 Rc8 13. c4 Ne8 14. a4 a5 15. Nd2 f5 16. f3 Bg5 17. Bf2 b6 18. Nb1 Nc7 19. Nc3 Na6 20. Nb5 Ndc5 21. Qd1 Qd7 22. Ra3 g6 23. Bd3 Nc7 24. Na7 Ra8 25. Nc6 N7a6 26. Bc2 Nb8 27. b4 axb4 28. Nxb4 Nba6 29. Nc6 Nb8 30. Nb4 Nba6 31. Qb1 Nxb4 32. Qxb4 Qc7 33. Rfa1 Ra5 34. Be1 Rfa8 35. Qb1 R5a6 36. h4 Bf6 37. R1a2 Qe7 38. h5 Bh4 39. g3 Bg5 40. a5 bxa5 41. Rxa5 Rxa5 42. Rxa5 Rxa5 43. Bxa5 Qb7 44. Qb5 Qa7 45. hxg6 hxg6 46. Qb6 Qxb6 47. Bxb6 Nd7 48. Bc7 Be3+ 49. Kg2 Bc5 50. g4 fxg4 51. Bxg6 gxf3+ 52. Kxf3 Nf6 53. Bd8 Kg7 54. Bf5 Kf7 55. Bxf6 Kxf6 56. Ke4 Bb6 1/2-1/2

[Event "European Online Club-ch-C 2021"]
[Site "Online"]
[Date "2021.03.27"]
[Round "9.1"]
[White "Reuker, Jari"]
[Black "Sahin, Ozgun"]
[Result "1/2-1/2"]
[ECO "B36"]
[WhiteElo "2423"]
[BlackElo "2281"]
[Annotator "NA"]
[PlyCount "166"]
[EventDate "2021.03.27"]
[EventType "team-tourn"]
[EventCountry "NET"]
[SourceTitle "playchess.com"]
[Source "ChessBase"]
[SourceQuality "1"]
[TimeControl "900+5"]

1. e4 c5 2. Nf3 Nc6 3. d4 cxd4 4. Nxd4 g6 5. c4 Nf6 6. Nc3 Nxd4 7. Qxd4 d6 8. Be2 Bg7 9. Be3 O-O 10. Qd2 Qa5 11. O-O Be6 12. Rfc1 Rfc8 13. b3 a6 14. Rab1 Qb4 15. a3 Qxa3 16. Ra1 Qb4 17. Ra4 Qxb3 18. Bd1 Nxe4 19. Nxe4 Qb2 20. Qxb2 Bxb2 21. Rb1 Bd7 22. Ra2 Be5 23. Nd2 Bc6 24. Be2 f5 25. f4 Bf6 26. Nb3 Be4 27. Rc1 e5 28. Kf2 Kg7 29. Rd2 Be7 30. c5 exf4 31. Bxf4 dxc5 32. Rd7 Kf6 33. Na5 Rd8 34. Rc7 Rac8 35. Nxb7 Rxc7 36. Bxc7 Bxb7 37. Bxd8 Bxd8 38. Rb1 Be4 39. Rb8 Bc7 40. Rc8 Bxh2 41. Rxc5 Be5 42. Ra5 Bd4+ 43. Kf1 h5 44. Rxa6+ Kg5 45. g3 Be3 46. Ra3 Bc1 47. Ra1 Bb2 48. Ra2 Be5 49. Kf2 h4 50. gxh4+ Kxh4 51. Bf3 Bxf3 52. Kxf3 Kg5 53. Ra5 Bc3 54. Ra3 Bg7 55. Ra7 Kh6 56. Ra6 Kh5 57. Ra5 Bc3 58. Rc5 Bf6 59. Rc6 Bd4 60. Rd6 Bc5 61. Rd5 Be7 62. Re5 Bf6 63. Rb5 Kg5 64. Ra5 Bd4 65. Ra4 Bc3 66. Ra3 Be5 67. Ra5 Bh2 68. Ra2 Bd6 69. Ra6 Bb4 70. Ra4 Be1 71. Ra1 Bh4 72. Rh1 f4 73. Rg1+ Bg3 74. Rxg3+ fxg3 75. Kxg3 Kf5 76. Kf3 g5 77. Kg3 g4 78. Kg2 Kf4 79. Kf2 g3+ 80. Kg2 Kg4 81. Kg1 Kh3 82. Kh1 g2+ 83. Kg1 Kg3 1/2-1/2

[Event "European Online Club-ch-C 2021"]
[Site "Online"]
[Date "2021.03.27"]
[Round "9.2"]
[White "Gallevci, Yagiz"]
[Black "Wachinger, Nikolas"]
[Result "1-0"]
[ECO "B23"]
[WhiteElo "2069"]
[BlackElo "2369"]
[Annotator "NA"]
[PlyCount "63"]
[EventDate "2021.03.27"]
[EventType "team-tourn"]
[EventCountry "NET"]
[SourceTitle "playchess.com"]
[Source "ChessBase"]
[SourceQuality "1"]
[TimeControl "900+5"]

1. e4 c5 2. Nc3 d6 3. d4 cxd4 4. Qxd4 Nc6 5. Qd2 g6 6. b3 Bh6 7. f4 f5 8. Bb2 Nf6 9. g3 fxe4 10. O-O-O Qa5 11. Bg2 Bf5 12. Nd5 Qxd2+ 13. Rxd2 Kf7 14. Nxf6 exf6 15. Rxd6 Bg7 16. Ne2 Rhd8 17. Rxd8 Rxd8 18. Nc3 e3 19. Re1 Nb4 20. Re2 Bxc2 21. a3 Bd3 22. Rxe3 Nc6 23. Bd5+ Rxd5 24. Nxd5 Bf5 25. b4 Be6 26. Nc7 Bd7 27. Rd3 Bc8 28. b5 Ne7 29. Rd8 b6 30. Ne8 Bh8 31. Nd6+ Ke6 32. Nxc8 1-0

[Event "European Online Club-ch-C 2021"]
[Site "Online"]
[Date "2021.03.27"]
[Round "9.3"]
[White "Colbow, Collin"]
[Black "Yagiz, Bora"]
[Result "1/2-1/2"]
[ECO "A06"]
[WhiteElo "2339"]
[BlackElo "1877"]
[Annotator "NA"]
[PlyCount "118"]
[EventDate "2021.03.27"]
[EventType "team-tourn"]
[EventCountry "NET"]
[SourceTitle "playchess.com"]
[Source "ChessBase"]
[SourceQuality "1"]
[TimeControl "900+5"]

1. Nf3 Nf6 2. b3 c5 3. Bb2 Nc6 4. e3 d5 5. Bb5 Bd7 6. O-O g6 7. d4 cxd4 8. exd4 Bg7 9. Nbd2 O-O 10. Re1 Re8 11. a3 a6 12. Bd3 Bf5 13. Ne5 Bxd3 14. Nxd3 Ne4 15. Nxe4 dxe4 16. Ne5 Nxe5 17. dxe5 Qc7 18. Rxe4 Red8 19. Qe2 e6 20. f4 Rac8 21. Rc4 Qb6+ 22. Kh1 Bh6 23. Rxc8 Rxc8 24. Rf1 Qc6 25. c4 Bf8 26. Rd1 Bc5 27. Qd3 Kg7 28. h3 h5 29. Kh2 Be7 30. Qd7 Rc7 31. Qxc6 bxc6 32. Kg3 Kf8 33. Kf3 Ke8 34. Ke4 Rd7 35. Rxd7 Kxd7 36. b4 Bh4 37. g4 hxg4 38. hxg4 Be7 39. Bd4 Kc7 40. Kd3 Kb7 41. Kc3 g5 42. f5 exf5 43. gxf5 Bf8 44. Kd3 a5 45. e6 fxe6 46. fxe6 axb4 47. axb4 Bxb4 48. c5 Kc8 49. Ke4 Kd8 50. Kf5 Bd2 51. Bf6+ Ke8 52. Bxg5 Bb4 53. Be3 Ke7 54. Bd4 Ba3 55. Ke5 Bb4 56. Be3 Bc3+ 57. Kf5 Bb4 58. Ke5 Bc3+ 59. Kf5 Bb4 1/2-1/2